 Dungeon Crawl Stone Soup version 0.29.0-11-gd7f09526c8 (webtiles) character file.

Game seed: 8659611530375542824

3813 Shayle the Sneak (level 10, -10/60 HPs)
             Began as a Tengu Brigand on Sept 5, 2022.
             Was an Initiate of Vehumet.
             Mangled by Joseph
             ... wielding a +0 quarterstaff
              (11 damage)
             ... on level 8 of the Dungeon.
             The game lasted 00:30:20 (11186 turns).

Shayle the Sneak (Tengu Brigand)                   Turns: 11186, Time: 00:30:20

Health: -10/60     AC:  8    Str: 11 (12) XL:     10   Next: 17%
Magic:  16/27      EV: 16    Int: 20 (21) God:    Vehumet [......]
Gold:   419        SH:  0    Dex: 14 (16) Spells: 16/19 levels left

rFire   . . .      SeeInvis .   y - +2 quick blade
rCold   . . .      Faith    .   (no shield)
rNeg    . . .      Spirit   .   e - +2 leather armour {rPois}
rPois   +          Reflect  .   (helmet restricted)
rElec   .          Harm     .   c - +1 cloak
rCorr   .          Rampage  .   w - +0 pair of gloves
Will    .....                   (boots unavailable)
Stlth   +++.......              (no amulet)
HPRegen 0.20/turn               h - ring of magical power
MPRegen 0.20/turn               z - +6 ring of intelligence

@: mighty, about to teleport, attractive, flying quickly and evasively, hasted,
very quick
A: beak, talons 3, nimble flight
a: Renounce Religion


You were on level 8 of the Dungeon.
You worshipped Vehumet.
Vehumet was noncommittal.
You visited 2 branches of the dungeon, and saw 9 of its levels.
You also visited: Sewer.

You collected 477 gold pieces.
You spent 58 gold pieces at shops.

Inventory:

Hand Weapons
 a - a +2 dagger
 r - the +4 whip of Juosets {freeze, rElec Int+2}
   (You found it on level 5 of the Dungeon)

   It freezes those it strikes, dealing additional cold damage.
   It can also slow down cold-blooded creatures.
   Int:       It affects your intelligence (+2).
   rElec:     It insulates you from electricity.
 y - a +2 quick blade (weapon)
Missiles
 d - 70 poisoned darts (quivered)
 p - 2 curare-tipped darts
Armour
 b - a +0 robe
 c - a +1 cloak (worn)
 e - a +2 leather armour of poison resistance (worn)
 t - a +1 robe of cold resistance
 w - a +0 pair of gloves (worn)
Jewellery
 h - a ring of magical power (left hand)
 z - a +6 ring of intelligence (right hand)
 A - a ring of resist corrosion
Wands
 f - a wand of roots (14)
Scrolls
 i - a scroll of teleportation
 m - 2 scrolls of fog
 s - a scroll of magic mapping
 v - 3 scrolls of blinking
Potions
 j - a potion of brilliance
 k - a potion of might
 l - a potion of attraction
 o - 3 potions of degeneration
 q - 2 potions of mutation
 u - a potion of berserk rage {unknown}
 x - a potion of invisibility {unknown}


   Skills:
 + Level 6.1 Fighting
 + Level 6.1 Short Blades
 - Level 2.0 Throwing
 + Level 6.3 Dodging
 + Level 6.9 Stealth
 + Level 5.1 Spellcasting
 - Level 5.2 Conjurations
 - Level 5.3 Air Magic
 + Level 2.5 Earth Magic


You had 16 spell levels left.
You knew the following spells:

 Your Spells              Type           Power      Damage    Failure   Level
a - Stone Arrow           Conj/Erth      40%        3d9       9%          3

Your spell library contained the following spells:

 Spells                   Type           Power      Damage    Failure   Level
 Sandblast                Erth           30%        2d9       5%          1
 Passwall                 Tmut/Erth      8%         N/A       14%         2
 Animate Dead             Necr           5%         N/A       83%         4
 Haunt                    Necr/Summ      2%         N/A       100%        7
 Infestation              Necr           2%         N/A       100%        8


Dungeon Overview and Level Annotations

Branches:
Dungeon (8/15)             Temple (1/1) D:6           Sewer (visited)
   Lair: D:8-11

Altars:
Ashenzari
Cheibriados
Dithmenos
Elyvilon
Fedhas
Gozag
Hepliaklqana
Kikubaaqudgha
Makhleb
Nemelex Xobeh
Qazlal
Trog
Uskayaw
Vehumet
Wu Jian
Xom
Yredelemnul
Zin
The Shining One

Shops:
D:2 *   D:4 *   D:5 :   D:7 *

Annotations:
D:7 exclusion: door
D:8 Grum, Joseph


Innate Abilities, Weirdness & Mutations

You have a beak for a mouth.
You have claws for feet.
Your magical nature lets you fly swiftly and evasively.


Message History

The puff of flame hits you.
* * * LOW HITPOINT WARNING * * *
You hit the gnoll sergeant. Your kick misses the gnoll sergeant.
The gnoll sergeant is moderately wounded.
The gnoll hits you with a +0 flail.
* * * LOW HITPOINT WARNING * * *
The gnoll sergeant hits you with a +0 trident.
* * * LOW HITPOINT WARNING * * *
The gnoll is attracted toward you.
Unknown command.
The gnoll shouts!
You puncture Joseph! You peck Joseph.
Joseph is moderately wounded.
Joseph zaps a wand.
The puff of flame hits you.
* * * LOW HITPOINT WARNING * * *
The gnoll is attracted toward you.
Unknown command.
You hit the gnoll sergeant. You claw the gnoll sergeant!
You peck the gnoll sergeant, but do no damage.
The gnoll sergeant is almost dead.
The gnoll is attracted toward you.
Unknown command.
You closely miss the gnoll sergeant.
You claw the gnoll sergeant, but do no damage.
The gnoll sergeant is almost dead.
The gnoll is attracted toward you.
Unknown command.
You closely miss the gnoll sergeant. Your kick misses the gnoll sergeant.
Your peck misses the gnoll sergeant.
The gnoll sergeant is almost dead.
The gnoll sergeant hits you with a +0 trident!
* * * LOW HITPOINT WARNING * * *
The gnoll barely misses you. The gnoll is attracted toward you.
Unknown command.
You barely miss the gnoll sergeant. Your kick misses the gnoll sergeant.
You peck the gnoll sergeant.
You kill the gnoll sergeant!
Vehumet accepts your kill. Joseph hits you with a +0 quarterstaff!
You die...

# .... .... .....##
.....#8## .....).##
#.....### #..@...8#
#.@g..##
#8)g§..#### ###
###.....#8###8#####
##§...........#..
#§..............
#.§..........#)#
#..§..#8###8#..†#
8.....#### ###....
#.....## ..####


You could see Joseph and 2 gnolls.

Vanquished Creatures
  Pikel (D:8)
  Prince Ribbit (D:5)
  Sigmund (D:5)
  Eustachio (D:5)
  An orc warrior (D:7)
  A sky beast (D:8)
  An ice beast (D:6)
  2 black bears
  2 ogres
  A wolf (D:7)
  3 lemures (D:8)
  3 centaurs
  A bullfrog (D:8)
  8 kobold brigands
  3 scorpions
  A gnoll sergeant (D:8)
  2 necrophages
  2 killer bees
  4 howler monkeys
  2 jellies
  4 orc priests
  Crazy Yiuf (D:3)
  Jessica (D:3)
  4 iguanas
  An orc wizard (D:5)
  9 gnolls
  12 adders
  6 river rats
  A shadow imp (D:7)
  3 white imps
  3 worms (Sewer)
  A dart slug (D:1)
  16 orcs
  12 ball pythons
  6 endoplasms
  4 giant cockroaches (D:4)
  15 goblins
  14 hobgoblins
  4 jackals (D:2)
  51 kobolds
  3 quokkas (D:4)
  4 bats
  6 frilled lizards
  10 rats
232 creatures vanquished.

Notes
Turn   | Place    | Note
-------+----------+-------------------------------------------
     0 | D:1      | Shayle the Tengu Brigand began the quest for the Orb.
     0 | D:1      | Reached XP level 1. HP: 12/12 MP: 2/2
   147 | D:1      | Reached XP level 2. HP: 15/17 MP: 3/3
   704 | D:1      | Reached skill level 1 in Spellcasting
   708 | D:1      | Reached XP level 3. HP: 22/22 MP: 5/5
  1247 | D:2      | Found a faded altar of an unknown god.
  1258 | D:2      | Found Faclix's Assorted Antiques.
  1266 | D:2      | Bought a scroll labelled ORERUTSIECW for 29 gold pieces
  1266 | D:2      | Bought a scroll labelled IGIMUZU EWKUIS for 29 gold pieces
  1610 | D:2      | Reached skill level 1 in Conjurations
  1610 | D:2      | Reached XP level 4. HP: 27/27 MP: 5/7
  2131 | D:3      | Reached skill level 1 in Air Magic
  2383 | D:3      | Noticed Jessica
  2388 | D:3      | Killed Jessica
  2389 | D:3      | Gained mutation: Your magical nature lets you fly swiftly
                  | and evasively. [Tengu growth]
  2389 | D:3      | Reached XP level 5. HP: 29/32 MP: 8/8
  2732 | D:3      | Found a runed translucent door.
  2733 | D:3      | Noticed Crazy Yiuf
  2753 | D:3      | Killed Crazy Yiuf
  3347 | D:4      | Found Jenygg's General Store.
  3395 | D:4      | Reached XP level 6. HP: 36/37 MP: 9/9
  3573 | D:4      | Found a glowing drain.
  3626 | Sewer    | Entered a sewer
  3942 | Sewer    | Reached skill level 5 in Stealth
  4236 | Sewer    | Reached XP level 7. HP: 37/41 MP: 11/11
  5639 | D:5      | Entered Level 5 of the Dungeon
  5709 | D:5      | Noticed Sigmund
  5736 | D:5      | Killed Sigmund
  5737 | D:5      | Reached XP level 8. HP: 48/48 MP: 13/13
  5816 | D:5      | Learned a level 3 spell: Stone Arrow
  5891 | D:5      | Noticed Prince Ribbit
  6426 | D:5      | Identified the +4 whip of Juosets {freeze, rElec Int+2}
  6459 | D:5      | Found Yva Zotoutt's Book Shoppe.
  7513 | D:5      | Noticed Eustachio
  7810 | D:5      | Reached skill level 5 in Conjurations
  7810 | D:5      | Reached skill level 5 in Air Magic
  8099 | D:5      | Killed Prince Ribbit
  8100 | D:5      | Reached XP level 9. HP: 52/52 MP: 15/15
  8272 | D:5      | Killed Eustachio
  8273 | D:5      | Reached skill level 5 in Dodging
  8538 | D:6      | Reached skill level 5 in Fighting
  8637 | D:6      | Found a staircase to the Ecumenical Temple.
  8647 | Temple   | Entered the Ecumenical Temple
  8684 | Temple   | Became a worshipper of Vehumet
  8842 | D:6      | Reached skill level 1 in Earth Magic
  9086 | D:6      | Reached skill level 5 in Short Blades
  9588 | D:7      | Found Pakluass's Fire Supplies.
 10029 | D:7      | Noticed a boulder beetle
 10610 | D:8      | Noticed Pikel
 10660 | D:8      | Killed Pikel
 10661 | D:8      | Reached skill level 5 in Spellcasting
 10661 | D:8      | Reached XP level 10. HP: 23/60 MP: 3/18
 10847 | D:8      | Noticed Grum
 11167 | D:8      | Noticed Joseph
 11185 | D:8      | HP: 1/60 [gnoll sergeant/+0 trident (9)]
 11186 | D:8      | Mangled by Joseph

Illustrated notes

Levels and vault maps discovered:
D:1:      dpeg_arrival_tiny_h, layout_basic, minmay_tetromino_o4
D:2:      layout_basic, serial_shops, nicolae_shop_trees, basic_ecumenical_altar
D:3:      layout_loops_ring, grunt_ministairs_11, uniq_jessica,
          uniq_crazy_yiuf_cottage
D:4:      layout_rooms, serial_shops, shop, portal_sewer_entry_a,
          minmay_misc_feat_five
D:5:      minmay_goblin_kobold_castle, layout_cave_pods, serial_shops,
          kennysheep_mini, uniq_prince_ribbit1, uniq_eustachio, uniq_sigmund
D:6:      layout_cave_pools, minmay_temple_entry_statues_pillars
D:7:      cheibrodos_two_vegetables, layout_basic, nicolae_shop_fire_sale
          [nicolae_sub_dead_trees]
D:8:      layout_rooms, serial_corexii_hall, chequers_hall_statues_corner_a,
          chequers_hall_statues_y, chequers_hall_statues_wall_a,
          corexii_hall_statues_i, uniq_grum, uniq_joseph, uniq_pikel
Temple:   hellmonk_temple_of_storms

Skill      XL: |  1  2  3  4  5  6  7  8  9 10 |
---------------+-------------------------------+-----
Spellcasting   | 1 2 3 5 |  5.1
Dodging        | 2 3 4 6 |  6.3
Conjurations   | 1 2 4 5 |  5.2
Air Magic      | 1 2 3 4 5 |  5.3
Fighting       | 3 4 5 6 |  6.1
Stealth        | 5 6 |  6.9
Short Blades   | 3 4 5 6 |  6.1
Earth Magic    | 2 |  2.5
Throwing       | |  2.0

Action                   |  1- 3 |  4- 6 |  7- 9 | 10-12 || total
-------------------------+-------+-------+-------+-------++-------
Melee: Dagger            |    80 |    92 |       |       ||   172
       Kick              |    18 |    50 |   137 |    13 ||   218
       Peck              |     9 |    33 |    93 |     9 ||   144
       Punch             |     2 |     1 |     3 |       ||     6
       Quick blade       |       |    92 |   439 |    32 ||   563
Throw: Dart              |       |     6 |    31 |       ||    37
 Cast: Stone Arrow       |       |       |    69 |    11 ||    80
Evoke: Wand              |       |       |     2 |       ||     2
  Use: Scroll            |     4 |     3 |    12 |     1 ||    20
       Potion            |       |     1 |     3 |     5 ||     9
 Stab: Sleeping          |     4 |    11 |     9 |       ||    24
Armor: Robe              |    13 |    12 |    27 |       ||    52
       Leather armour    |       |       |    25 |     5 ||    30
Dodge: Dodged            |    38 |    84 |   197 |    19 ||   338
